AoeStats
← 冬马和纱

Arabia

510113402Analyzed
3v3 RM · 4d ago on Sep 29, 2026· 43m 57s· 6 players
Game mode
Random Map
Map size
Normal (6 player)
Population
200
Speed
Normal
Resources
Standard
Victory
Conquest
Starting age
Dark Age
Ending age
Imperial Age
RankedLock teamsTeams togetherTeam positionsShared explorationLock speedFull tech treeHidden civsTurbo modeCheats
Victory
Defeat
🇹🇼 Spanish · Taiwan
1065
+13
🇨🇳 Saxons · China
1038
+14
🇪🇸 Celts · Spain
1016
+15
🇨🇳 Goths · China
1159
-38
🇨🇳 Mongols · China
928
-33
🇨🇳 Franks · China
928
-33
冬马和纱
7:59 Loom
12:36 Feudal Age
18:57 Castle Age
19:20 Double-Bit Axe
21:36 Wheelbarrow
22:39 Wheelbarrow
23:05 Bow Saw
23:52 Forging
26:15 Husbandry
29:53 Stone Mining
31:15 Hand Cart
31:39 Fletching
33:33 Bodkin Arrow
34:11 Thumb Ring
34:06 Gold Mining
34:41 Hand Cart
36:06 Padded Archer Armor
38:08 Ballistics
41:42 Imperial Age
39:01 Town Watch
39:44 Bloodlines
41:07 Leather Archer Armor
kristopherwuckertdyhl
7:08 Loom
8:04 Loom
11:45 Feudal Age
12:49 Double-Bit Axe
16:42 Scale Barding Armor
23:34 Castle Age
22:48 Forging
27:14 Gold Mining
27:14 Stone Mining
33:54 Imperial Age
31:37 Husbandry
34:36 Cavalier
38:29 Chain Barding Armor
38:44 Iron Casting
39:47 Paladin
abigailbogisichca
2:32 Loom
13:43 Feudal Age
14:22 Stone Mining
14:22 Gold Mining
14:15 Horse Collar
14:29 Double-Bit Axe
24:11 Forging
26:35 Castle Age
24:18 Man-at-Arms
27:29 Heavy Plow
27:41 Bow Saw
29:30 Anarchy
38:00 Imperial Age
38:06 Scale Mail Armor
38:42 Iron Casting
41:13 Elite Huskarl
Enrique
2:37 Loom
12:01 Feudal Age
12:27 Double-Bit Axe
12:26 Horse Collar
16:42 Town Watch
19:19 Castle Age
18:30 Fletching
19:22 Gold Mining
21:26 Bow Saw
27:28 Bodkin Arrow
29:18 Heavy Plow
30:02 Wheelbarrow
34:46 Imperial Age
34:17 Hand Cart
34:38 Scale Mail Armor
34:49 Forging
34:48 Squires
34:08 Pikeman
35:02 Arson
34:48 Elite Varangian Guard
35:57 Ballistics
37:42 Chain Mail Armor
38:03 Iron Casting
39:01 Conscription
38:44 Pikeman
39:23 Gambesons
40:13 Plate Mail Armor
39:49 Arson
41:27 Two-Man Saw
41:11 Crop Rotation
41:52 Shield Wall
42:37 Bracer
agargg2468
7:17 Loom
10:48 Feudal Age
11:39 Double-Bit Axe
12:24 Horse Collar
21:35 Castle Age
19:55 Stone Mining
20:45 Wheelbarrow
20:15 Town Watch
23:29 Bow Saw
23:20 Heavy Plow
24:31 Padded Archer Armor
30:32 Gold Mining
34:24 Imperial Age
32:30 Leather Archer Armor
32:50 Bloodlines
32:40 Husbandry
35:52 Conscription
38:19 Ring Archer Armor
37:24 Capped Ram
37:33 Capped Ram
38:04 Fletching
38:46 Ring Archer Armor
38:08 Fletching
38:52 Ring Archer Armor
38:12 Fletching
40:05 Hand Cart
39:51 Town Patrol
eduardo
3:59 Loom
11:27 Feudal Age
11:53 Horse Collar
12:00 Double-Bit Axe
20:15 Castle Age
18:50 Stone Mining
19:40 Gold Mining
20:22 Scale Mail Armor
20:15 Fletching
21:54 Heavy Plow
22:17 Forging
24:48 Wheelbarrow
26:20 Pikeman
27:59 Chain Mail Armor
29:36 Iron Casting
29:25 Town Watch
35:43 Arson
41:19 Imperial Age
39:07 Hand Cart
38:49 Bodkin Arrow
45:04 Plate Mail Armor
45:34 Blast Furnace
Connection lost

Rejoining the realm…

Still unreachable

The connection could not be restored.

Session expired

The server has moved on; the page needs a fresh start.